 Dungeon Crawl Stone Soup version 0.26.0-45-g9c1d065592 (webtiles) character file.

Game seed: 17550059207079725551

82263 theEndsummarily the Fighter (level 15, 0/146 HPs)
             Began as an Ogre Earth Elementalist on Jan 28, 2021.
             Was a High Priest of Hepliaklqana.
             Slain by a phantasmal warrior (31 damage)
             ... led by a death knight
             ... on level 15 of the Dungeon on Jan 31, 2021.
             The game lasted 05:48:05 (35574 turns).

theEndsummarily the Fighter (OgEE)                 Turns: 35574, Time: 05:48:06

Health: 0/146      AC: 17    Str: 19    XL:     15   Next: 73%
Magic:  12/31      EV: 14    Int: 33    God:    Hepliaklqana [*****.]
Gold:   1760       SH:  5    Dex: 11    Spells: 17/39 levels left

rFire    + . .     SeeInvis +   o - +2 morningstar of Resumed Hostilities {drain, Int+2}
rCold    + . .     Faith    .   (no shield)
rNeg     + + .     Spirit   .   X - +1 steam dragon scales
rPois    +         Reflect  +   y - +2 hat {SInv}
rElec    .         Harm     .   W - +0 cloak of Lud Ymijapp {rCorr Int+4}
rCorr    +         Rampage  .   (gloves unavailable)
Will     .....                  (boots unavailable)
Stlth    ++........             H - amulet of reflection
HPRegen  0.34/turn              x - ring of the Establishment {rN++ Str+7 Int+6 Dex-3}
MPRegen  0.22/turn              U - ring of Rytimough {rPois rF+ rC+ Str-4 Dex+5}

@: icy armour, weak-willed, studying Armour
A: large, unfitting armour, reduced essence, tough skin 1
a: Renounce Religion, Recall Ancestor, Ancestor Identity, Transference, Idealise


You were on level 15 of the Dungeon.
You worshipped Hepliaklqana.
Hepliaklqana was extremely pleased with you.
You visited 4 branches of the dungeon, and saw 24 of its levels.
You also visited: Bailey and Volcano.

You collected 2670 gold pieces.
You spent 910 gold pieces at shops.

Inventory:

Hand Weapons
 o - the +2 morningstar of Resumed Hostilities (weapon) {drain, Int+2}
   (You found it on level 6 of the Lair of Beasts)

   A truly terrible weapon, it drains the life of those it strikes.
   It affects your intelligence (+2).
 B - a +2 giant club
 I - the +7 halberd of Foul Odors {flame, rN+ Dex+4 Stlth+}
   (You found it on level 14 of the Dungeon)

   It has been specially enchanted to burn those struck by it, causing extra
   injury to most foes and up to half again as much damage against particularly
   susceptible opponents.
   Big, fiery blades are also staple armaments of hydra-hunters.
   It affects your dexterity (+4).
   It protects you from negative energy.
   It makes you more stealthy.
Missiles
 b - 706 stones
 i - 36 boomerangs
 v - 17 atropa-tipped darts
 G - 108 poisoned darts (quivered)
 S - 4 silver boomerangs
 V - 11 large rocks
Armour
 t - a scarf of repulsion
 y - a +2 hat of see invisible (worn)
 F - a +1 robe of the Archmagi
 L - a +0 troll leather armour
 T - a +2 robe of willpower
 W - the +0 cloak of Lud Ymijapp (worn) {rCorr Int+4}
   (You bought it in a shop on level 2 of the Orcish Mines)

   It affects your intelligence (+4).
   It provides partial protection from all sources of acid and corrosion.
 X - +1 steam dragon scales (worn)
Jewellery
 c - the ring of Filoicui {+Blink rC+ Str+6}
   (You found it on level 9 of the Dungeon)

   [ring of strength]

   It affects your strength (+6).
   It protects you from cold.
   It lets you blink.
 d - an uncursed ring of willpower
 e - an uncursed amulet of regeneration
 x - the ring of the Establishment (left hand) {rN++ Str+7 Int+6 Dex-3}
   (You found it on level 14 of the Dungeon)

   [ring of intelligence]

   It affects your strength (+7).
   It affects your intelligence (+6).
   It affects your dexterity (-3).
   It greatly protects you from negative energy.
 H - an amulet of reflection (around neck)
 P - a +4 ring of evasion
 U - the ring of Rytimough (right hand) {rPois rF+ rC+ Str-4 Dex+5}
   (You bought it in a shop on level 2 of the Orcish Mines)

   [ring of poison resistance]

   It affects your strength (-4).
   It affects your dexterity (+5).
   It protects you from fire.
   It protects you from cold.
   It protects you from poison.
Wands
 E - a wand of digging (10)
 J - a wand of iceblast (15)
 N - a wand of paralysis (25)
 Y - a wand of acid (10)
Scrolls
 a - 14 scrolls of teleportation
 f - 2 scrolls of identify
 j - 4 scrolls of fog
 k - 11 scrolls of remove curse
 l - a scroll of amnesia
 p - a scroll of magic mapping
 s - 3 scrolls of immolation
 u - 2 scrolls of blinking
 A - 4 scrolls of enchant armour
 C - 3 scrolls of fear
 R - 2 scrolls of vulnerability
Potions
 g - 7 potions of flight
 h - 3 potions of cancellation
 m - 4 potions of lignification
 n - 4 potions of berserk rage
 r - 4 potions of might
 w - 4 potions of attraction
 z - 2 potions of haste {unknown}
 D - 4 potions of curing
 K - a potion of heal wounds {unknown}
 M - 2 potions of mutation {unknown}
 O - a potion of ambrosia {unknown}
 Z - 3 potions of invisibility {unknown}
Books
 q - a manual of Armour
Miscellaneous
 Q - a phial of floods


   Skills:
 + Level 14.2 Fighting
 + Level 8.4 Maces & Flails
 - Level 8.8 Throwing
 + Level 2.3 Armour
 + Level 9.1 Dodging
 - Level 1.9 Stealth
 + Level 12.5 Spellcasting
 + Level 9.0 Transmutations
 + Level 9.4 Earth Magic
 + Level 9.5 Invocations


You had 17 spell levels left.
You knew the following spells:

 Your Spells              Type           Power        Failure   Level
a - Sandblast             Erth           100%         1%          1
b - Passwall              Tmut/Erth      58%          1%          2
c - Stone Arrow           Conj/Erth      100%         1%          3
d - Lee's Rapid Deconstr  Erth           35%          1%          5
e - Petrify               Tmut/Erth      70%          1%          4
f - Leda's Liquefaction   Hex/Erth       25%          3%          4
o - Ozocubu's Armour      Ice            20%          7%          3

Your spell library contained the following spells:

 Spells                   Type           Power        Failure   Level
 Sting                    Tmut/Pois      100%         1%          1
 Animate Skeleton         Necr           40%          2%          1
 Corona                   Hex            22%          2%          1
 Freeze                   Ice            80%          2%          1
 Pain                     Necr           80%          2%          1
 Poisonous Vapours        Pois/Air       40%          3%          2
 Slow                     Hex            20%          3%          2
 Confusing Touch          Hex            20%          7%          3
 Frozen Ramparts          Ice            40%          7%          3
 Gell's Gravitas          Tloc           10%          7%          3
 Inner Flame              Hex/Fire       20%          7%          3
 Portal Projectile        Hex/Tloc       40%          7%          3
 Static Discharge         Conj/Air       20%          7%          3
 Vampiric Draining        Necr           10%          7%          3
 Yara's Violent Unravell  Hex/Tmut       25%          10%         5
 Bolt of Magma            Conj/Fire/Erth 20%          17%         5
 Animate Dead             Necr           10%          22%         4
 Cause Fear               Hex            10%          22%         4
 Hailstorm                Conj/Ice       20%          22%         4
 Summon Ice Beast         Ice/Summ       20%          22%         4
 Summon Lightning Spire   Summ/Air       20%          22%         4
 Iron Shot                Conj/Erth      25%          43%         6
 Agony                    Necr           20%          52%         5
 Iskenderun's Battlesphe  Conj           20%          52%         5
 Metabolic Englaciation   Hex/Ice        10%          52%         5
 Orb of Destruction       Conj           10%          100%        7
 Spellforged Servitor     Conj/Summ      10%          100%        7


Dungeon Overview and Level Annotations

Branches:
Dungeon (15/15)            Temple (1/1) D:4            Lair (6/6) D:8
 Shoals (0/4) Lair:3       Spider (0/4) Lair:3        Slime (0/5) Lair:6
    Orc (2/2) D:12            Elf (0/3) Orc:2        Vaults (0/5) D:13
 Depths (0/5) D:15         Bailey (visited)         Volcano (visited)

Altars:
Ashenzari
Cheibriados
Dithmenos
Elyvilon
Fedhas
Gozag
Hepliaklqana
Kikubaaqudgha
Makhleb
Nemelex Xobeh
Okawaru
Qazlal
Ru
Sif Muna
Trog
Uskayaw
Vehumet
Wu Jian
Xom
Yredelemnul
Zin
The Shining One
Beogh
Lugonu

Shops:
D:7 ?   Orc:2 **=([

Portals:
Abyss: Lair:3
Trove: D:10 (give horn of Geryon)

Annotations:
D:4 exclusion: ogre
D:8 1 runed translucent door, qqq123's ghost, novice GrFi
D:11 exclusion: hexer
D:13 1 exclusion


Innate Abilities, Weirdness & Mutations

You are too large for most types of armour.
You have tough skin. (AC +1)
Your life essence is reduced to manifest your ancestor. (-10% HP)


Message History

You hit the phantasmal warrior but do no damage.
The phantasmal warrior is lightly damaged.
You block the phantasmal warrior's attack.
Friðuswiþ hits the phantasmal warrior with a +0 dagger of draining.
You closely miss the phantasmal warrior.
The phantasmal warrior is lightly damaged.
The phantasmal warrior hits you!
Friðuswiþ hits the phantasmal warrior but does no damage.
The phantasmal warrior hits you!!
* * * LOW HITPOINT WARNING * * *
Your willpower is stripped away!
You hit the phantasmal warrior but do no damage.
The phantasmal warrior is lightly damaged.
Friðuswiþ closely misses the phantasmal warrior.
You block the phantasmal warrior's attack.
You closely miss the phantasmal warrior.
The phantasmal warrior is lightly damaged.
Friðuswiþ hits the phantasmal warrior with a +0 dagger of draining.
The phantasmal warrior hits you!!
You die...

#......# #.# ###....#####.#
#..#.........#
#.......###### #......(#
#######(######### ######
#####...........R...#
...#.###.#.#######p###.#####
...#..##........@WR..#.#
......)..).###########.#
...##.#...## #.# ^..#..#..<#
#.# '#.#.##...############.#
.#.#...................#
.#.#####.#############.#
)#..........# #.#
.#######..#.# #.#


You could see the friendly Friðuswiþ the hexer, a death knight (drained) and a
phantasmal warrior.

Vanquished Creatures
  Gastronok (D:9)
  An orc warlord (Orc:2)
  3 dire elephants
  2 boulder beetles
  5 hydras
  A catoblepas (Lair:6)
  3 vault guards
  A death knight (D:13)
  A tengu warrior (D:15)
  A two-headed ogre (D:15)
  A hell hog (Volcano)
  A death yak (Lair:4)
  An unseen horror (D:14)
  An obsidian statue (D:14)
  A lindwurm (Lair:6)
  Pikel (D:5)
  An orc knight (Orc:2)
  An orc sorcerer (Orc:2)
  5 ugly things
  A deep elf mage (D:14)
  2 cyclopes
  2 black mambas (Lair:2)
  9 elephants
  12 cane toads
  A centaur skeleton (D:13)
  2 gargoyles
  2 rime drakes
  9 komodo dragons
  5 jumping spiders (Lair:3)
  5 trolls
  A hornet (D:8)
  16 blink frogs
  A wolf spider simulacrum (D:14)
  3 polar bears
  8 slime creatures
  2 redbacks (Lair:3)
  40 yaks
  A vampire (D:15)
  2 wyverns
  13 fire bats
  5 basilisks
  2 steam dragons
  3 wargs (Orc:2)
  3 hell hounds (Volcano)
  A soldier ant (D:14)
  Duvessa (D:5)
  14 water moccasins
  6 black bears
  5 sky beasts
  3 ice beasts
  7 ogres
  33 orc warriors
  8 centaurs
  2 phantoms
  24 wolves
  A lemure (D:6)
  2 big kobolds
  Blork the orc (D:6)
  13 bullfrogs
  A gnoll sergeant (D:10)
  A hornet simulacrum (D:9)
  A water moccasin skeleton (D:4)
  3 scorpions
  8 killer bees
  5 wights
  A howler monkey (D:9)
  3 electric eels
  5 lava snakes (Volcano)
  2 bullfrog zombies
  4 centaur zombies
  6 hounds
  15 orc priests
  9 jellies
  3 bullfrog skeletons
  19 orc wizards
  Ijyb (D:5)
  Terence (D:2)
  2 hexers
  2 iguanas
  6 worker ants
  A killer bee zombie (D:9)
  A centaur simulacrum (D:9)
  A howler monkey zombie (D:10)
  3 gnolls (D:10)
  A howler monkey skeleton (D:4)
  7 adders
  A shadow imp (D:10)
  2 white imps
  An ufetubus (D:9)
  An adder zombie (D:6)
  An adder skeleton (D:9)
  3 worms
  A dart slug (D:1)
  8 leopard geckos
  77 orcs
  3 ball pythons
  10 bats
  3 giant cockroaches
  12 goblins
  7 hobgoblins
  8 jackals
  12 kobolds
  4 quokkas
  3 frilled lizards
  A leopard gecko skeleton (D:4)
  A leopard gecko zombie (D:6)
  A quokka skeleton (D:8)
  11 rats
  A lurking horror (Lair:3)
587 creatures vanquished.

Vanquished Creatures (collateral kills)
  A dire elephant (Lair:6)
  A fire dragon (Lair:1)
  A vault guard (D:13)
  An anaconda (Lair:6)
  A fire crab (Volcano)
  An orc knight (Orc:2)
  5 elephants
  4 cane toads
  2 centaur skeletons
  A komodo dragon (Lair:2)
  A troll (D:15)
  A merfolk (D:15)
  A polar bear (D:9)
  6 slime creatures
  5 blink frogs
  A redback (Lair:3)
  A wraith (D:10)
  9 yaks
  4 fire bats
  A steam dragon (D:9)
  A basilisk (D:12)
  Menkaure (D:6)
  A soldier ant (D:13)
  A warg (Orc:2)
  An acid dragon (D:11)
  6 water moccasins
  13 orc warriors
  2 ogres
  An eye of draining (D:12)
  A phantom (D:13)
  7 wolves
  2 centaurs (D:14)
  2 lemures (D:6)
  3 bullfrogs
  Dowan (D:5)
  4 electric eels
  2 wights
  A bullfrog zombie (D:5)
  A lava snake (Volcano)
  A jelly (D:6)
  5 orc priests
  5 orc wizards
  An iguana (D:13)
  5 worker ants
  A gnoll (D:10)
  An adder (D:6)
  2 white imps
  2 ufetubi
  An adder zombie (D:6)
  A worm (D:2)
  20 orcs
  A giant cockroach (D:6)
  5 jackals
  2 kobolds (D:14)
152 creatures vanquished.

Vanquished Creatures (others)
  A boulder beetle (D:15)
  An unseen horror (D:15)
  An acid dragon (D:15)
  An orc warrior (Orc:2)
  38 hexers
  4 ancestors
  An orc (D:8)
  A kobold (D:14)
  A fire vortex (D:11)
  79 fungi
  108 plants
  2 withered plants (D:8)
238 creatures vanquished.

Grand Total: 977 creatures vanquished

Notes
Turn   | Place    | Note
-------+----------+-------------------------------------------
     0 | D:1      | theEndsummarily the Ogre Earth Elementalist began the quest
                  | for the Orb.
     0 | D:1      | Reached XP level 1. HP: 16/16 MP: 3/3
   155 | D:1      | Reached skill level 1 in Transmutations
   237 | D:1      | Reached XP level 2. HP: 26/26 MP: 0/5
   253 | D:1      | Reached skill level 1 in Fighting
   707 | D:1      | Reached XP level 3. HP: 33/33 MP: 4/7
  1175 | D:1      | Learned a level 2 spell: Passwall
  1375 | D:2      | Learned a level 3 spell: Stone Arrow
  1503 | D:2      | Noticed Terence
  1528 | D:2      | Found a shadowy altar of Dithmenos.
  1628 | D:2      | Reached skill level 2 in Fighting
  1628 | D:2      | Reached XP level 4. HP: 42/42 MP: 6/8
  2862 | D:3      | Reached XP level 5. HP: 38/50 MP: 4/10
  3123 | D:3      | Found a hazy altar of Hepliaklqana.
  3601 | D:3      | Reached skill level 3 in Fighting
  3756 | D:4      | Reached skill level 1 in Maces & Flails
  3894 | D:4      | Noticed an ogre
  3919 | D:4      | Reached XP level 6. HP: 39/61 MP: 11/11
  4045 | D:4      | Reached skill level 1 in Throwing
  4594 | D:4      | Reached skill level 4 in Fighting
  4594 | D:4      | Reached XP level 7. HP: 46/70 MP: 9/13
  4772 | D:4      | Found a staircase to the Ecumenical Temple.
  4779 | Temple   | Entered the Ecumenical Temple
  5285 | D:3      | Became a worshipper of Hepliaklqana the Forgotten
  5401 | D:2      | Killed Terence
  5603 | D:5      | Entered Level 5 of the Dungeon
  5701 | D:5      | Noticed Pikel
  5720 | D:6      | Found an iron altar of Okawaru.
  6114 | D:6      | Noticed Blork the orc
  6161 | D:6      | Killed Blork the orc
  6306 | D:6      | Reached skill level 5 in Fighting
  6306 | D:6      | Reached skill level 5 in Spellcasting
  6438 | D:6      | Reached XP level 8. HP: 66/72 MP: 5/15
  7019 | D:7      | Reached * piety under Hepliaklqana
  7387 | D:6      | Noticed Menkaure
  7392 | D:6      | Killed Menkaure
  7393 | D:6      | Reached skill level 6 in Fighting
  7518 | D:5      | Killed Pikel
  7519 | D:5      | Reached skill level 7 in Fighting
  7519 | D:5      | Reached XP level 9. HP: 59/83 MP: 3/18
  7703 | D:5      | Noticed Duvessa
  7703 | D:5      | Noticed Dowan
  7727 | D:5      | Killed Dowan
  7748 | D:5      | Killed Duvessa
  7818 | D:5      | Noticed Ijyb
  7824 | D:5      | Killed Ijyb
  8029 | D:5      | Reached ** piety under Hepliaklqana
  8030 | D:5      | Remembered your ancestor Friðuswiþ as a hexer
  8442 | D:7      | Found Xerr's Magic Scroll Shop.
  8460 | D:7      | Bought a scroll of identify for 22 gold pieces
  8460 | D:7      | Bought a scroll of fog for 22 gold pieces
  8460 | D:7      | Bought a scroll of teleportation for 33 gold pieces
  8512 | D:7      | Found a radiant altar of Vehumet.
  8515 | D:7      | Found a sacrificial altar of Ru.
  8520 | D:7      | Found a glowing silver altar of Zin.
  8522 | D:7      | Found a broken altar of Ashenzari.
  8522 | D:7      | Found a glowing golden altar of the Shining One.
  8522 | D:7      | Found a white marble altar of Elyvilon.
  8523 | D:7      | Found a burning altar of Makhleb.
  8525 | D:7      | Found a sparkling altar of Nemelex Xobeh.
  8526 | D:7      | Found a hide-covered altar of Uskayaw.
  8528 | D:7      | Found an ornate altar of the Wu Jian Council.
  8916 | D:8      | Reached skill level 1 in Invocations
  9434 | D:8      | Noticed a hornet
  9435 | D:8      | Reached skill level 8 in Fighting
  9435 | D:8      | Killed a hornet
  9436 | D:8      | Reached skill level 5 in Earth Magic
  9436 | D:8      | Reached XP level 10. HP: 71/95 MP: 16/21
  9522 | D:8      | Found a staircase to the Lair.
  9915 | D:8      | Found a runed translucent door.
  9920 | D:8      | Noticed qqq123's ghost (novice GrFi)
 10092 | D:9      | Reached skill level 9 in Fighting
 10603 | D:9      | Found an iron altar of Okawaru.
 10993 | D:9      | Got a heavily runed copper ring
 11296 | D:9      | Reached skill level 5 in Dodging
 11438 | D:9      | Noticed Gastronok
 11573 | D:9      | Killed Gastronok
 11574 | D:9      | Reached skill level 10 in Fighting
 11574 | D:9      | Reached skill level 5 in Throwing
 11574 | D:9      | Reached skill level 5 in Transmutations
 11574 | D:9      | Reached XP level 11. HP: 69/105 MP: 1/23
 11986 | D:10     | Entered Level 10 of the Dungeon
 12029 | D:10     | Identified the ring of Filoicui {+Blink rC+ Str+6} (You
                  | found it on level 9 of the Dungeon)
 12136 | D:10     | Found a portal to a secret trove of treasure.
 12140 | D:10     | Reached *** piety under Hepliaklqana
 13587 | D:11     | Found a flagged portal.
 13614 | Bailey   | Entered a bailey
 14286 | D:11     | Reached **** piety under Hepliaklqana
 14767 | D:11     | Reached skill level 11 in Fighting
 15292 | D:12     | Found a corrupted altar of Lugonu.
 15422 | D:12     | Reached skill level 5 in Invocations
 15422 | D:12     | Reached XP level 12. HP: 114/117 MP: 25/25
 15428 | D:12     | Learned a level 5 spell: Lee's Rapid Deconstruction
 15458 | D:12     | Reached skill level 10 in Spellcasting
 15809 | D:12     | Reached skill level 5 in Maces & Flails
 15821 | D:12     | Found a roughly hewn altar of Beogh.
 15822 | D:12     | Found a staircase to the Orcish Mines.
 15907 | Orc:1    | Entered Level 1 of the Orcish Mines
 16234 | Orc:2    | Entered Level 2 of the Orcish Mines
 16236 | Orc:2    | Found a burning altar of Makhleb.
 16252 | Orc:2    | Found a roughly hewn altar of Beogh.
 16505 | Orc:2    | Found a roughly hewn altar of Beogh.
 16505 | Orc:2    | Reached ***** piety under Hepliaklqana
 16783 | Orc:2    | Found a roughly hewn altar of Beogh.
 16824 | Orc:2    | Found a roughly hewn altar of Beogh.
 17090 | Orc:2    | Found Cacued's General Store.
 17111 | Orc:2    | Found a staircase to the Elven Halls.
 17353 | Orc:2    | Found Pyejiuch's Mass Market.
 17356 | Orc:2    | Bought 2 large rocks for 22 gold pieces
 17378 | Orc:2    | Found a roughly hewn altar of Beogh.
 17572 | Orc:2    | Found a roughly hewn altar of Beogh.
 17614 | Orc:2    | Found Juumn's Jewellery Boutique.
 17622 | Orc:2    | Bought the ring of Rytimough {rPois rF+ rC+ Str-4 Dex+5}
                  | for 517 gold pieces
 17775 | Orc:2    | Noticed an orc warlord
 17849 | Orc:2    | Killed an orc warlord
 18229 | Orc:2    | Reached skill level 12 in Fighting
 18345 | Orc:2    | Found a roughly hewn altar of Beogh.
 18345 | Orc:2    | Found Poufoe's Antique Armour Shoppe.
 18348 | Orc:2    | Found Beutow's Antique Weapon Emporium.
 18373 | Orc:2    | Bought a slimy cloak for 294 gold pieces
 18373 | Orc:2    | Identified the +0 cloak of Lud Ymijapp {rCorr Int+4} (You
                  | bought it in a shop on level 2 of the Orcish Mines)
 19017 | D:12     | Reached XP level 13. HP: 117/126 MP: 17/27
 19347 | D:12     | Learned a level 4 spell: Petrify
 19581 | D:13     | Found an opulent altar of Gozag.
 19800 | D:13     | Found a stormy altar of Qazlal.
 19962 | D:13     | Found a gate to the Vaults.
 19962 | D:13     | Noticed a vault guard
 19962 | D:13     | Noticed a vault guard
 19962 | D:13     | Noticed a vault guard
 19962 | D:13     | Noticed a vault guard
 20034 | D:12     | Killed a vault guard
 20268 | Lair:1   | Entered Level 1 of the Lair of Beasts
 20440 | Lair:1   | Found a dark tunnel.
 20450 | Volcano  | Entered a volcano
 20869 | Volcano  | Found a bloodstained altar of Trog.
 20893 | Volcano  | Found a radiant altar of Vehumet.
 21563 | Lair:1   | Noticed a fire dragon
 21637 | Lair:1   | Killed a fire dragon
 23230 | Lair:3   | Found a one-way gate to the infinite horrors of the Abyss.
 23231 | Lair:3   | Found a corrupted altar of Lugonu.
 23441 | Lair:3   | Reached ****** piety under Hepliaklqana
 23456 | Lair:3   | Found a hole to the Spider Nest.
 23683 | Lair:3   | Reached XP level 14. HP: 118/135 MP: 27/29
 24048 | Lair:3   | Found a staircase to the Shoals.
 24143 | Lair:3   | Reached skill level 13 in Fighting
 25780 | Lair:4   | Got a masterwork battleaxe
 25792 | Lair:4   | Identified the cursed +2 battleaxe "Enisut" {speed, SInv}
                  | (You found it on level 4 of the Lair of Beasts)
 25836 | Lair:4   | Learned a level 4 spell: Leda's Liquefaction
 27297 | Lair:5   | Learned a level 3 spell: Ozocubu's Armour
 27684 | Lair:6   | Entered Level 6 of the Lair of Beasts
 27684 | Lair:6   | Found an opulent altar of Gozag.
 27742 | Lair:6   | Found a staircase to the Slime Pits.
 29374 | Lair:6   | Reached XP level 15. HP: 73/145 MP: 23/31
 30137 | Lair:6   | Identified Sif Muna's Volume of Floating Transmutation
 30585 | Lair:6   | Got a slimy morningstar
 30586 | Lair:6   | Identified the cursed +2 morningstar of Resumed Hostilities
                  | {drain, Int+2} (You found it on level 6 of the Lair of
                  | Beasts)
 31475 | D:13     | Identified a scroll of acquirement
 31476 | D:13     | Acquired an uncursed amulet of reflection
 31930 | D:14     | Reached skill level 14 in Fighting
 32229 | D:14     | Got a bound gossamer ring
 32231 | D:14     | Identified the ring of the Establishment {rN++ Str+7 Int+6
                  | Dex-3} (You found it on level 14 of the Dungeon)
 32363 | D:14     | Reached skill level 1 in Armour
 32386 | D:14     | Got an encrusted halberd
 32386 | D:14     | Identified the +7 halberd of Foul Odors {flame, rN+ Dex+4
                  | Stlth+} (You found it on level 14 of the Dungeon)
 32964 | D:15     | Entered Level 15 of the Dungeon
 34037 | D:15     | Found a staircase to the Depths.
 35574 | D:15     | Slain by a phantasmal warrior

Illustrated notes

Levels and vault maps discovered:
D:1:      lemuel_arrival_tunnels, layout_basic, minmay_tetromino_t4
D:2:      layout_basic, nicolae_dithmenos_through_a_glass_darkly, uniq_terence
D:3:      layout_basic, nzn_hepliaklqana_mist_gate, minmay_misc_feat_room
D:4:      minmay_diamond_boxcup, layout_rooms, minmay_temple_entry_mist
D:5:      layout_gridville, uniq_pikel, uniq_ijyb, uniq_duvessa
D:6:      kb_forest_paths, layout_cave_pools, basic_altar, uniq_menkaure,
          uniq_blork_the_orc
D:7:      layout_gridville, minitemple, serial_shops, nicolae_shop_stone
D:8:      layout_basic, due_lair_maze_entry_diamond, gammafunk_ghost_grave,
          nicolae_ossuary_entry_ruins, ebering_dispersal_statue_hall
D:9:      layout_loops_corners, okawaru_trees_1, serial_ice, serial_ice_f,
          serial_ice_m, serial_ice_o, serial_ice_i, kennysheep_dice,
          uniq_gastronok
D:10:     layout_basic, nicolae_trove_entry_crossroad
D:11:     layout_stronghold, enter_bailey_3, hangedman_incinerator
D:12:     layout_irregular_city, david_orc_5, tgw_lugonu_bribe
D:13:     layout_basic, lightli_vaults_fourway_checkpoint, basic_altar,
          nicolae_gozag_seed_capital
D:14:     statuecave_lemuel, layout_stronghold, serial_glass, glass_columns_c,
          glass_columns_c, roderic_roman_lattice
D:15:     hangedman_depths_entry_try_elsewhere_first, layout_basic,
          lemuel_flamethrower_hall
Temple:   compressed_dpeg_triangle_lava_temple
Lair:1:   dragon1_lemuel, layout_cave_pods, enter_volcano_1, grunt_megastairs_2
Lair:2:   layout_gridlike, minivault_23, beast_lair_carwin_10,
          lemuel_fruit_tree, serial_bayou_shore_b
Lair:3:   layout_small_grid, shoals_dummy_entry,
          nicolae_spider_entry_tight_spaces, amcnicky_altar_lugonu_corruption,
          serial_bayou_shore_a
Lair:4:   layout_hall_layers, beast_lair_carwin_9, grunt_megastairs_3
Lair:5:   layout_small_grid
Lair:6:   due_jungle_book, layout_cave_pods, minmay_slime_entry_pillars,
          basic_altar
Orc:1:    layout_caves
Orc:2:    grunt_orc_community_town_hall, layout_caves,
          grunt_orc_community_big_house_1, grunt_orc_community_big_house_1,
          grunt_orc_community_house_2, grunt_orc_community_house_2,
          grunt_orc_community_house_2, grunt_orc_community_house_2,
          grunt_orc_community_house_1, grunt_orc_community_house_1,
          minmay_shop_mass, bloody_makhleb

Skill      XL: |  1  2  3  4  5  6  7  8  9 10 11 12 13 14 15 |
---------------+----------------------------------------------+-----
Transmutations | 1 2 3 4 5 6 7 8 9 |  9.0
Fighting       | 1 2 3 4 5 7 8 10 11 12 13 14 | 14.2
Dodging        | 2 3 4 5 6 7 8 9 |  9.1
Spellcasting   | 3 4 5 6 7 8 9 10 11 12 | 12.5
Earth Magic    | 3 4 5 6 7 8 9 |  9.4
Maces & Flails | 1 2 3 4 5 6 7 8 |  8.4
Throwing       | 1 2 3 4 5 6 7 8 |  8.8
Invocations    | 2 4 5 6 7 8 9 |  9.5
Armour         | 2 |  2.3
Stealth        | |  1.9

Action                   |  1- 3 |  4- 6 |  7- 9 | 10-12 | 13-15 || total
-------------------------+-------+-------+-------+-------+-------++-------
Melee: Club              |    92 |    84 |       |       |       ||   176
       Dagger            |       |    80 |    98 |       |       ||   178
       Whip              |       |       |    89 |   598 |   398 ||  1085
       Flail             |       |       |       |       |    74 ||    74
       Battleaxe         |       |       |       |       |   248 ||   248
       War axe           |       |       |       |       |     4 ||     4
       Morningstar       |       |       |       |       |   319 ||   319
Throw: Boomerang         |     4 |    20 |    26 |    69 |   171 ||   290
       Dart              |       |       |     3 |    68 |    23 ||    94
       Large rock        |       |       |       |     2 |       ||     2
 Cast: Sandblast         |    40 |    42 |    18 |    15 |   129 ||   244
       Passwall          |       |     5 |     1 |     3 |    17 ||    26
       Stone Arrow       |       |       |    41 |   185 |    76 ||   302
       Lee's Rapid Decon |       |       |       |    15 |     7 ||    22
       Petrify           |       |       |       |       |    18 ||    18
       Ozocubu's Armour  |       |       |       |       |    17 ||    17
       Leda's Liquefacti |       |       |       |       |     3 ||     3
Invok: Ancestor Identity |       |       |     1 |       |       ||     1
       Ancestor Life: He |       |       |     1 |       |       ||     1
       Recall Ancestor   |       |       |       |       |     7 ||     7
       Idealise          |       |       |       |       |    11 ||    11
       Transference      |       |       |       |       |     2 ||     2
 Abil: Evoke Blink       |       |       |       |       |     5 ||     5
Evoke: Wand              |       |       |       |    17 |    10 ||    27
       Phial of floods   |       |       |       |     1 |       ||     1
  Use: Potion            |       |       |     2 |     1 |     7 ||    10
       Scroll            |       |       |     4 |    13 |    23 ||    40
 Stab: Sleeping          |     2 |     4 |     8 |     7 |     7 ||    28
       Distracted        |       |       |     1 |     5 |    14 ||    20
       Confused          |       |       |       |     5 |     9 ||    14
       Petrified         |       |       |       |       |    42 ||    42
       Paralysed         |       |       |       |       |    41 ||    41
Armor: Robe              |    34 |    40 |    31 |     9 |   136 ||   250
       Skin              |       |       |     9 |    17 |    25 ||    51
       Troll leather arm |       |       |       |    88 |    17 ||   105
       Steam dragon scal |       |       |       |       |    84 ||    84
Dodge: Dodged            |    64 |   100 |    83 |   338 |   644 ||  1229
       Repelled          |       |     1 |     2 |    10 |     4 ||    17
Block: Other             |       |       |       |       |    63 ||    63
       Reflection        |       |       |       |       |     4 ||     4
